 Dungeon Crawl Stone Soup version 0.26-b1-32-g5d43845318 (webtiles) character file.

Game seed: 14752211397233560159

56 dohliylev the Sneak (level 3, 0/24 HPs)
             Began as a Vampire Enchanter on Jan 9, 2021.
             Slain by an adder (1 damage)
             ... on level 1 of the Dungeon.
             The game lasted 00:08:38 (1424 turns).

dohliylev the Sneak (Vampire Enchanter)             Turns: 1424, Time: 00:08:39

Health: 0/24       AC:  2    Str:  7    XL:     3   Next: 69%
Magic:  2/6        EV: 13    Int: 18    God:
Gold:   29         SH:  0    Dex: 14    Spells: 3/6 levels left

rFire    . . .     SeeInvis +   a - +1 dagger
rCold    . . .     Faith    .   (no shield)
rNeg     . . .     Spirit   .   b - +0 robe
rPois    .         Reflect  .   (no helmet)
rElec    .         Harm     .   (no cloak)
rCorr    .         Rampage  .   (no gloves)
Will     .....                  (no boots)
Stlth    +++.......             (no amulet)
HPRegen  0.28/turn              (no ring)
MPRegen  0.10/turn              (no ring)

@: lethally poisoned (0 -> -2), regenerating quickly
A: fangs 3, see invisible, unbreathing
a: Exsanguinate


You were on level 1 of the Dungeon.
You visited 1 branch of the dungeon, and saw 2 of its levels.

You collected 29 gold pieces.

Inventory:

Hand Weapons
 a - a +1 dagger (weapon)
Armour
 b - a +0 robe (worn)
Jewellery
 h - an uncursed amulet of guardian spirit {unknown}
 j - a +6 ring of intelligence {unknown}
Scrolls
 c - 3 scrolls of identify {unknown}
 d - a scroll of remove curse {unknown}
 e - 2 scrolls of enchant weapon {unknown}
 f - a scroll of magic mapping {unknown}
 g - a scroll of amnesia {unknown}
 k - a scroll of fog {unknown}
Potions
 i - a potion of flight {unknown}


   Skills:
 + Level 1.7 Short Blades
 + Level 2.4 Dodging
 + Level 5.6 Stealth
 + Level 2.4 Spellcasting
 + Level 4.8 Hexes
 + Level 0.1 Ice Magic


You had 3 spell levels left.
You knew the following spells:

 Your Spells              Type           Power        Failure   Level
a - Corona                Hex            21%          2%          1
b - Ensorcelled Hibernat  Hex/Ice        22%          10%         2

Your spell library contained the following spells:

 Spells                   Type           Power        Failure   Level
 Confusing Touch          Hex            19%          7%          3
 Tukima's Dance           Hex            19%          7%          3
 Dazzling Flash           Conj/Hex       20%          19%         3


Dungeon Overview and Level Annotations

Branches:
Dungeon (2/15)

Altars:


Innate Abilities, Weirdness & Mutations

Your natural rate of healing is unusually fast.
You have razor-sharp teeth.
You have supernaturally acute eyesight. (SInv)
You can survive without breathing.


Message History

You kill the goblin!
You feel sick.
You miss the adder. The adder bites you.
* * * LOW HITPOINT WARNING * * *
You miss the adder.
* * * LOW HITPOINT WARNING * * *
You feel sick. The adder bites you.
* * * LOW HITPOINT WARNING * * *
The adder closely misses you.
You hit the adder.
The adder is moderately wounded.
The adder bites you but does no damage.
You miss the adder.
The adder is moderately wounded.
* * * LOW HITPOINT WARNING * * *
You feel sick. The adder misses you.
You closely miss the adder.
The adder is moderately wounded.
The adder bites you.
You die...

# #...........(.......# #.##### #
#.....(....#.#####..#####.#
###.......................#.#####
.......####....###...............
.....#......................##.#.
#..............###.#..###...##...
#....#.####....# #.#..# #...##.#.
#..............###.#..# #...##.#.
................@S...>###...##.#.
#....#.####....###.#........##...
#..#.#.####......................
#..#............................(
#..#.#.####...........####..#####
......................# #...# #
#......####.##..##....###...# #
#.##.#.####.##..............# #
..†....................##.#.# #


You could see an adder.

Vanquished Creatures
  2 adders (D:2)
  An ooze (D:1)
  A worm (D:2)
  5 bats
  2 giant cockroaches (D:1)
  4 goblins (D:1)
  4 hobgoblins
  A quokka (D:2)
  2 ball pythons
  4 kobolds
  4 rats
30 creatures vanquished.

Notes
Turn   | Place    | Note
-------+----------+-------------------------------------------
     0 | D:1      | dohliylev the Vampire Enchanter began the quest for the
                  | Orb.
     0 | D:1      | Reached XP level 1. HP: 13/13 MP: 3/3
   417 | D:1      | Reached XP level 2. HP: 19/19 MP: 3/5
   420 | D:1      | Learned a level 2 spell: Ensorcelled Hibernation
   534 | D:1      | Reached skill level 5 in Stealth
  1056 | D:2      | Reached XP level 3. HP: 24/24 MP: 6/6
  1421 | D:1      | HP: 1/24 [adder (2)]
  1424 | D:1      | Slain by an adder

Illustrated notes

Levels and vault maps discovered:
D:1:      dpeg_arrival_orchard, layout_basic
D:2:      layout_basic, nicolae_dithmenos_through_a_glass_darkly

Skill      XL: |  1  2 |
---------------+-------+-----
Stealth        | 5 |  5.6
Short Blades   | |  1.7
Dodging        | |  2.4
Spellcasting   | |  2.4
Hexes          | |  4.8
Ice Magic      | |  0.1

Action                   || total
-------------------------++-------
Melee: Dagger            ||    70
       Bite              ||     3
 Cast: Corona            ||     3
       Ensorcelled Hiber ||    15
 Stab: Sleeping          ||    18
Armor: Robe              ||    26
Dodge: Dodged            ||    61
